 Dungeon Crawl Stone Soup version 0.29.1-12-g30fa7ad0bf (webtiles) character file.

Game seed: 10596377735439051060

3852 lmSkywalker the Stinger (level 9, -13/62 HPs)
             Began as a Demonspawn Venom Mage on Jan 7, 2023.
             Was a Follower of Yredelemnul.
             Mangled by Erica
             ... wielding a +3 scimitar of flaming
              (19 damage)
             ... on level 8 of the Dungeon on Jan 13, 2023.
             The game lasted 01:17:04 (11224 turns).

lmSkywalker the Stinger (Demonspawn Venom Mage)    Turns: 11224, Time: 01:17:05

Health: -13/62     AC:  9    Str:  8    XL:     9   Next: 99%
Magic:  14/18      EV: 20    Int: 20    God:    Yredelemnul [*.....]
Gold:   615        SH:  0    Dex: 15    Spells: 6/20 levels left

rFire   + + .      SeeInvis .   (weapon currently unavailable)
rCold   + + .      Faith    .   (shield currently unavailable)
rNeg    + + +      Spirit   .   (body armour currently unavailable)
rPois   ∞          Reflect  .   (helmet currently unavailable)
rElec   +          Harm     .   (cloak currently unavailable)
rCorr   +          Rampage  .   (gloves unavailable)
Will    .....                   (boots unavailable)
Stlth   +++.......              (amulet currently unavailable)
HPRegen 0.20/turn               (ring currently unavailable)
MPRegen 0.16/turn               (ring currently unavailable)

@: wisp-form, wereblooded, flying
A: insubstantial, flying, no casting, tiny, (hooves 3), demonic magic 1,
(demonic touch 3)
a: Renounce Religion, Recall Undead Harvest


You were on level 8 of the Dungeon.
You worshipped Yredelemnul.
Yredelemnul was noncommittal.
You were an insubstantial wisp.
You visited 2 branches of the dungeon, and saw 9 of its levels.
You also visited: Sewer.

You collected 692 gold pieces.
You spent 77 gold pieces at shops.

Inventory:

Hand Weapons
 s - a +3 dagger of protection (melded)
 t - a +1 vorpal spear
 y - a +0 falchion
Missiles
 m - 16 poisoned darts
 D - a throwing net (quivered)
Armour
 q - a +0 helmet (melded)
 x - a +0 pair of boots
 z - a +2 robe of willpower (melded)
Magical Staves
 J - a staff of cold
Jewellery
 k - an amulet of the acrobat (melded)
 E - a ring of flight (melded)
 I - a ring of wizardry (melded)
Wands
 a - a wand of mindburst (8)
 f - a wand of polymorph (8)
 r - a wand of paralysis (4)
 F - a wand of roots (11)
 H - a wand of acid (10)
Scrolls
 c - a scroll of noise {unknown}
 d - a scroll of blinking {unknown}
 e - 7 scrolls of teleportation
 g - 2 scrolls of magic mapping {unknown}
 h - a scroll of amnesia {unknown}
 l - 2 scrolls of butterflies
 u - 4 scrolls of enchant armour {unknown}
 v - a scroll of poison {unknown}
 w - 2 scrolls of fear
Potions
 b - a potion of magic
 i - 2 potions of lignification
 j - 2 potions of degeneration {unknown}
 n - a potion of invisibility {unknown}
 o - 2 potions of haste
 p - 3 potions of mutation
 A - 2 potions of brilliance {unknown}
 B - 2 potions of ambrosia {unknown}
 C - a potion of cancellation {unknown}
 G - a potion of attraction {unknown}
Miscellaneous
 K - a tin of tremorstones (2/2)


   Skills:
 + Level 2.4 Fighting
 + Level 3.2 Dodging
 - Level 6.3 Stealth
 + Level 6.4 Spellcasting
 - Level 3.3 Conjurations
 - Level 4.1 Necromancy
 - Level 2.1 Transmutations
 - Level 5.1 Air Magic
 - Level 6.8 Poison Magic


You had 6 spell levels left.
You knew the following spells:

 Your Spells              Type           Power      Damage    Failure   Level
a - Sting                 Tmut/Pois      96%        1d7       1%          1
b - Poisonous Vapours     Pois/Air       60%        N/A       1%          2
c - Wereblood             Tmut           14%        N/A       6%          2
d - Sublimation of Blood  Necr           22%        N/A       2%          2
e - Mephitic Cloud        Conj/Pois/Air  26%        N/A       3%          3
f - Olgreb's Toxic Radia  Pois           33%        N/A       6%          4

Your spell library contained the following spells:

 Spells                   Type           Power      Damage    Failure   Level
 Ozocubu's Armour         Ice            6%         N/A       30%         3
 Ozocubu's Refrigeration  Ice            3%         4d8       100%        7
 Summon Hydra             Summ           3%         N/A       100%        7


Dungeon Overview and Level Annotations

Branches:
Dungeon (8/15)             Temple (1/1) D:7           Sewer (visited)
   Lair: D:8-11

Altars:
Cheibriados
Dithmenos
Fedhas
Gozag
Hepliaklqana
Kikubaaqudgha
Makhleb
Okawaru
Qazlal
Ru
Sif Muna
Trog
Uskayaw
Vehumet
Wu Jian
Xom
Yredelemnul

Shops:
D:1 ?   D:2 ?

Annotations:
D:2 1 runed translucent door, Crazy Yiuf
D:3 Sigmund
D:6 exclusions: acid dragon, cyclops, shadow imp, sky beast, water moccasin and 1 more exclusion
D:7 exclusions: acid dragon, black bear, ice beast and 1 more exclusion
D:8 5 runed translucent doors, exclusions: killer bee and 2 more exclusions, Erica; gdog's ghost, novice GnDe


Innate Abilities, Weirdness & Mutations

You are an insubstantial wisp.
Your tiny insubstantial body is highly resistant to most damage types.
You are flying.
Your equipment is entirely melded.
You are incapable of wielding weapons or throwing items.
You cannot cast spells.
((You have hooves in place of feet.))
Spells you cast may paralyse adjacent enemies.
((Your touch may irresistibly damage your foes and sap their willpower.))


Message History

The bolt of poison hits your kobold zombie.
Your kobold zombie completely resists.
There is a strange disturbance nearby!
You touch something.
Your killer bee zombie hits your orc zombie.
Your killer bee zombie hits itself.
What are your orders? t - Whoosh!
Orders for allies: a - Attack new target. r - Retreat! s - Stop attacking. g - Guard the area. f - Follow me.
Anything else - Cancel.
Gang up on whom?
Press: ? - help, Dir - move target There's nothing there!
You feel better. Something hits you!
* * * LOW HITPOINT WARNING * * *
Your killer bee zombie barely misses something.
Okay, then.
Okay, then.
You can't do that in your present form.
You touch something.
Your killer bee zombie seems less confused.
Your killer bee zombie closely misses something.
You hear some strange, mumbled words.
Something tries to affect you, but you resist.
You touch something but do no damage.
Your killer bee zombie barely misses something.
Something barely misses you.
Your killer bee zombie hits something!
You touch something.
Your killer bee zombie closely misses something.
Something hits you!
* * * LOW HITPOINT WARNING * * *
Okay, then.
As you read the scroll of butterflies, it crumbles to dust.
You hear the tinkle of a tiny bell.
Your killer bee zombie hits something.
Your killer bee zombie barely misses something.
Something hits you!!
You die...
Your body rises from the dead as a mindless zombie.

######## #.....##..#...).)..#.Z
#......##+##.....##..Z.ZZ.....#Z.
#..........#.....##..#........'Z.
...........#.....##Z.#........#..
..Z........#.)...#.Z.#....#'###..
.######....###'####..#....#...#..
.'....#.......bZbb#'##....#...#..
.#....##+##...bZ{bb.......#...#..
.#....##..#...bbvZb...(...#...#>.
.#....##..'...bbZbb...#'###..###'
.#....##..#...bbbbb...#..###'##..
.+....##..##)#####....#..#....#..
.#.....#..).)....#....#..#....'..
.#.....#....)....#....#..#....#..
.#######<.##.....#....#..#....#..
Z#....##..##.....#..(.#..##...#..
.Z....#...'......#.Z..#..########


You could see a friendly bullfrog zombie, a friendly killer bee zombie, a
friendly kobold zombie and a friendly orc zombie.

Vanquished Creatures
  A manticore (D:7)
  A steam dragon (D:7)
  An acid dragon (D:7)
  A sky beast (D:6)
  2 orc warriors
  An ice beast (D:5)
  Pargi (Sewer)
  An ogre (D:5)
  A black bear (D:6)
  7 centaurs
  2 phantoms (D:6)
  2 bullfrogs
  2 kobold brigands
  2 gnoll sergeants
  3 scorpions
  4 wights
  2 killer bees (D:8)
  2 gnoll boudas (D:6)
  3 hounds
  2 orc priests
  A jelly (D:8)
  3 iguanas
  2 orc wizards
  Robin (D:2)
  4 adders
  18 gnolls
  3 white imps
  An ufetubus (D:4)
  2 worms
  A dart slug (D:5)
  35 orcs
  11 endoplasms
  4 giant cockroaches
  15 goblins
  13 hobgoblins
  5 jackals (D:1)
  3 quokkas
  10 ball pythons
  10 bats
  7 frilled lizards
  9 kobolds
  4 rats
203 creatures vanquished.

Vanquished Creatures (collateral kills)
  A gnoll sergeant (D:7)
  3 wights (D:8)
  A killer bee (D:8)
5 creatures vanquished.

Vanquished Creatures (others)
  A killer bee zombie (D:8)
  3 orc zombies (D:8)
  2 kobold zombies (D:8)
  A plant (D:2)
7 creatures vanquished.

Grand Total: 215 creatures vanquished

Notes
Turn   | Place    | Note
-------+----------+-------------------------------------------
     0 | D:1      | lmSkywalker the Demonspawn Venom Mage began the quest for
                  | the Orb.
     0 | D:1      | Reached XP level 1. HP: 13/13 MP: 3/3
   288 | D:1      | Reached skill level 1 in Transmutations
   475 | D:1      | Discovered your monstrous ancestry.
   475 | D:1      | Gained mutation: Your touch may inflict minor irresistible
                  | damage on your foes. [demonic ancestry]
   475 | D:1      | Reached XP level 2. HP: 15/19 MP: 1/5
   797 | D:1      | Found Yhea's Magic Scroll Emporium.
  1037 | D:1      | Gained mutation: You have large cloven feet. [demonic
                  | ancestry]
  1037 | D:1      | Reached XP level 3. HP: 19/24 MP: 6/6
  1853 | D:2      | Noticed Robin
  1946 | D:2      | Found Raoxzanuge's Magic Scroll Emporium.
  2128 | D:2      | Killed Robin
  2286 | D:2      | Gained mutation: You have hoof-like feet. [demonic
                  | ancestry]
  2286 | D:2      | Reached XP level 4. HP: 30/30 MP: 3/7
  2648 | D:2      | Bought a scroll of fear for 44 gold pieces
  2648 | D:2      | Bought a scroll of teleportation for 33 gold pieces
  2695 | D:2      | Found a runed translucent door.
  2696 | D:2      | Noticed Crazy Yiuf
  2757 | D:2      | Found a faded altar of an unknown god.
  3283 | D:3      | Noticed Sigmund
  3288 | D:3      | Learned a level 2 spell: Poisonous Vapours
  3408 | D:3      | Gained mutation: Your touch may inflict irresistible damage
                  | on your foes. [demonic ancestry]
  3408 | D:3      | Reached XP level 5. HP: 35/35 MP: 9/9
  4248 | D:4      | Reached skill level 1 in Air Magic
  4509 | D:3      | Reached XP level 6. HP: 20/41 MP: 4/11
  5139 | D:5      | Entered Level 5 of the Dungeon
  5288 | D:5      | Gained mutation: Spells you cast may paralyse adjacent
                  | enemies. [demonic ancestry]
  5288 | D:5      | Reached XP level 7. HP: 40/46 MP: 12/12
  5344 | D:5      | Found an iron altar of Okawaru.
  5411 | D:5      | Found a glowing drain.
  5416 | Sewer    | Entered a sewer
  5524 | Sewer    | Noticed Pargi
  5529 | Sewer    | Killed Pargi
  5664 | D:5      | Reached skill level 5 in Poison Magic
  5768 | D:5      | Found a bloodstained altar of Trog.
  6092 | D:5      | Found a shimmering altar of Xom.
  6350 | D:5      | Gained mutation: Your touch may irresistibly damage your
                  | foes and sap their willpower. [demonic ancestry]
  6350 | D:5      | Reached XP level 8. HP: 52/52 MP: 9/14
  6597 | D:5      | Found a hazy altar of Hepliaklqana.
  6598 | D:5      | Found a shadowy altar of Dithmenos.
  6691 | D:6      | Reached skill level 5 in Stealth
  7006 | D:6      | Learned a level 2 spell: Wereblood
  7009 | D:6      | Learned a level 2 spell: Sublimation of Blood
  7327 | D:6      | Reached skill level 1 in Necromancy
  7335 | D:6      | Learned a level 3 spell: Mephitic Cloud
  7389 | D:6      | Reached skill level 5 in Spellcasting
  7520 | D:6      | Reached skill level 1 in Conjurations
  8084 | D:6      | Noticed a cyclops
  8396 | D:7      | Gained mutation: You have hooves in place of feet. [demonic
                  | ancestry]
  8396 | D:7      | Reached XP level 9. HP: 34/57 MP: 6/17
  8968 | D:7      | Noticed a manticore
  8980 | D:7      | Killed a manticore
  9188 | D:7      | Paralysed by a centaur for 3 turns
  9190 | D:7      | HP: 2/57 [centaur/arrow (12)]
  9573 | D:7      | Reached skill level 5 in Air Magic
 10198 | D:7      | Found a staircase to the Ecumenical Temple.
 10219 | Temple   | Entered the Ecumenical Temple
 10307 | Temple   | Learned a level 4 spell: Olgreb's Toxic Radiance
 10307 | Temple   | Became a worshipper of Yredelemnul the Dark
 10531 | D:8      | Reached skill level 1 in Fighting
 10609 | D:8      | Found a runed translucent gate.
 10609 | D:8      | Found a runed translucent gate.
 10609 | D:8      | Found a runed translucent gate.
 10610 | D:8      | Noticed a kobold demonologist
 10610 | D:8      | Noticed gdog's ghost (novice GnDe)
 10695 | D:8      | Found a large runed translucent door.
 10695 | D:8      | Found a large runed translucent door.
 10800 | D:8      | Reached * piety under Yredelemnul
 10919 | D:8      | Reached ** piety under Yredelemnul
 11200 | D:8      | Noticed Erica
 11224 | D:8      | Mangled by Erica

Illustrated notes

Levels and vault maps discovered:
D:1:      scummos_arrival_star, layout_loops_cross, serial_shops,
          nicolae_square_shop, chequers_serial_rivers_micro_a
D:2:      layout_basic, shapermc_ecumenical_altar_flowoftime, serial_shops,
          shop, nicolae_concentric_dashed_squares_mild, serial_bayou_ford_a,
          kennysheep_generic_room_5, uniq_crazy_yiuf_cottage, uniq_robin
D:3:      layout_basic, uniq_sigmund
D:4:      layout_rooms
D:5:      layout_gridville, riverfiend_overflow_shadow_ancestor,
          kennysheep_okawaru_gauntlet, overflow_temple_1_default,
          kennysheep_mini, gup_sewer_entry_bowl,
          nicolae_concentric_dashed_squares_wild, grunt_decor_resistance
D:6:      layout_basic, nicolae_benzene_ring, dk_noncrumbling_4,
          minmay_chambers_of_fives
D:7:      minmay_the_grid_plus [minmay_the_grid_large_cup,
          minmay_the_grid_dragon_b, minmay_the_grid_aliased_spiral,
          minmay_the_grid_gridbox,
          minmay_the_grid_prize_four_corners_diamond_a], layout_gridville,
          minmay_temple_entry_junction, centaur_isle
D:8:      layout_gridville, jmf_multi_god_temple2,
          gammafunk_ghost_nasty_kobolds, roderic_batcave, uniq_erica, uniq_pikel
Temple:   compressed_dpeg_circular_temple

Skill      XL: |  1  2  3  4  5  6  7  8  9 |
---------------+----------------------------+-----
Transmutations | 1 2 |  2.1
Stealth        | 2 3 4 5 6 |  6.3
Dodging        | 2 3 |  3.2
Spellcasting   | 3 4 5 6 |  6.4
Poison Magic   | 4 5 6 |  6.8
Air Magic      | 1 2 3 4 5 |  5.1
Necromancy     | 2 4 |  4.1
Conjurations   | 2 3 |  3.3
Fighting       | 2 |  2.4

Action                   |  1- 3 |  4- 6 |  7- 9 || total
-------------------------+-------+-------+-------++-------
Melee: Hand axe          |    68 |       |       ||    68
       Punch             |     2 |     3 |     2 ||     7
       Touch             |    12 |    32 |    24 ||    68
       Short sword       |    31 |    17 |       ||    48
       Kick              |    11 |     1 |    16 ||    28
       Dagger            |       |   129 |   152 ||   281
       Unarmed           |       |       |    13 ||    13
Throw: Dart              |       |       |     1 ||     1
 Cast: Sting             |    37 |    40 |   102 ||   179
       Poisonous Vapours |       |     4 |    39 ||    43
       Mephitic Cloud    |       |       |     6 ||     6
       Wereblood         |       |       |     3 ||     3
Evoke: Wand              |       |       |     2 ||     2
  Use: Scroll            |       |     3 |     3 ||     6
       Potion            |       |       |     5 ||     5
 Stab: Sleeping          |     3 |     4 |    12 ||    19
       Paralysed         |       |       |    20 ||    20
       Confused          |       |       |     3 ||     3
       Distracted        |       |       |     1 ||     1
Armor: Robe              |    23 |    54 |    41 ||   118
       Skin              |       |       |     5 ||     5
Dodge: Dodged            |    71 |   102 |   134 ||   307
